 Dungeon Crawl Stone Soup version 0.31.0-11-ge490571c62 (webtiles) character file.

Game seed: 2735079240222412013

87 Skitler the Covert (level 4, -1/41 HPs)
             Began as a Gnoll Delver on Feb 3, 2024.
             Slain by an iguana (4 damage)
             ... on level 5 of the Dungeon.
             The game lasted 00:00:59 (106 turns).

Skitler the Covert (Gnoll Delver)                    Turns: 106, Time: 00:00:59

Health: -1/41      AC:  3    Str: 12    XL:     4   Next: 51%
Magic:  5/5        EV: 13    Int:  9    God:
Gold:   0          SH:  0    Dex: 15    Spells: 5/5 levels left

rFire   . . .        a - +0 short sword
rCold   . . .        (no shield)
rNeg    . . .        b - +0 leather armour
rPois   .            (no helmet)
rElec   .            (no cloak)
rCorr   .            (no gloves)
SInv    .            (no boots)
Will    .....        i - amulet of magic regeneration
Stlth   ++++         (no ring)
HPRegen 0.26/turn    (no ring)
MPRegen 0.49/turn

%: no passive effects
@: hasted, very quick
A: fangs 1, strong nose, distributed training
a: no special abilities


You were on level 5 of the Dungeon.
You visited 1 branch of the dungeon, and saw 1 of its levels.

Inventory:

Hand Weapons
 a - a +0 short sword (weapon)
Armour
 b - a +0 leather armour (worn)
Jewellery
 i - an amulet of magic regeneration (around neck)
Wands
 g - a wand of digging (3)
Scrolls
 c - a scroll of fog
 d - a scroll of revelation
 e - a scroll of fear
 h - a scroll of identify {unknown}


   Skills:
 + Level 6.6 Fighting
 + Level 4.7 Short Blades
 + Level 1.2 Long Blades
 + Level 1.2 Axes
 + Level 1.2 Maces & Flails
 + Level 1.2 Polearms
 + Level 1.2 Staves
 + Level 1.2 Ranged Weapons
 + Level 1.2 Throwing
 + Level 1.2 Armour
 + Level 4.7 Dodging
 + Level 9.6 Stealth
 + Level 1.2 Shields
 + Level 1.2 Unarmed Combat
 + Level 1.2 Spellcasting
 + Level 1.0 Conjurations
 + Level 1.0 Hexes
 + Level 1.0 Summonings
 + Level 1.0 Necromancy
 + Level 1.0 Translocations
 + Level 1.0 Fire Magic
 + Level 1.0 Ice Magic
 + Level 1.0 Air Magic
 + Level 1.0 Earth Magic
 + Level 1.0 Alchemy
 + Level 1.3 Invocations
 + Level 1.2 Evocations
 + Level 1.1 Shapeshifting


You had 5 spell levels left.
You didn't know any spells.
Your spell library was empty.

Dungeon Overview and Level Annotations

Branches:
Dungeon (5/15)
 Temple: D:4-7

Altars:

Annotations:
D:5 1 exclusion


Innate Abilities, Weirdness & Mutations

You have very sharp teeth.
Your uncanny sense of smell can sniff out nearby items.
Your experience applies equally to all skills.


Message History

The black bear is moderately wounded.
You hit the iguana.
The iguana is lightly wounded.
You hit the iguana but do no damage.
The iguana is lightly wounded.
The iguana misses you.
You hit the iguana but do no damage.
The iguana is lightly wounded.
You hit the iguana. You bite the iguana, but do no damage.
The iguana is moderately wounded.
The iguana bites you!
You closely miss the iguana.
The iguana is moderately wounded.
You barely miss the iguana.
The iguana is moderately wounded.
The iguana bites you!
* * * LOW HITPOINT WARNING * * *
Unknown command.
You hit the iguana.
The iguana is heavily wounded.
You hit the iguana but do no damage.
The iguana is heavily wounded.
The iguana bites you.
* * * LOW HITPOINT WARNING * * *
You hit the iguana but do no damage.
The iguana is heavily wounded.
You hit the iguana but do no damage.
The iguana is heavily wounded.
The iguana closely misses you.
You hit the iguana but do no damage. Your bite misses the iguana.
The iguana is heavily wounded.
You barely miss the iguana.
The iguana is heavily wounded.
The iguana barely misses you.
You hit the iguana. Your bite misses the iguana.
The iguana is severely wounded.
You hit the iguana but do no damage.
The iguana is severely wounded.
The iguana bites you.
You die...

#.# #.# #.# #.#
#.# ##.## #.# #^#
####...###### #.#
#.###...)...>....
#.#
#.....##...######
#.#
####.....h5.5....
#.#
#.####l####.##
#.# #.# #@#
#.####### #.#
#....# #.......#
#.# #..##....
.>..###.# #.#
#..## ?. ###.#
#.# #.# #... #.#
#.# #.# ##.## #.#
#.###.#####.# #.#
#....)......###
#.#
#####.......<..


You could see a black bear, an iguana and a shadow imp.

Vanquished Creatures
  A centaur (D:5)
  An adder (D:5)
2 creatures vanquished.

Notes
Turn   | Place    | Note
-------+----------+-------------------------------------------
     0 | D:5      | Reached skill level 9 in Stealth
     0 | D:5      | Skitler the Gnoll Delver began the quest for the Orb.
     0 | D:5      | Reached XP level 1. HP: 23/23 MP: 1/1
    17 | D:5      | Noticed a centaur
    46 | D:5      | Killed a centaur
    47 | D:5      | Reached skill level 1 in Long Blades
    47 | D:5      | Reached skill level 1 in Axes
    47 | D:5      | Reached skill level 1 in Maces & Flails
    47 | D:5      | Reached skill level 1 in Polearms
    47 | D:5      | Reached skill level 1 in Staves
    47 | D:5      | Reached skill level 1 in Ranged Weapons
    47 | D:5      | Reached skill level 1 in Throwing
    47 | D:5      | Reached skill level 1 in Armour
    47 | D:5      | Reached skill level 1 in Shields
    47 | D:5      | Reached skill level 1 in Unarmed Combat
    47 | D:5      | Reached skill level 1 in Spellcasting
    47 | D:5      | Reached skill level 1 in Conjurations
    47 | D:5      | Reached skill level 1 in Hexes
    47 | D:5      | Reached skill level 1 in Summonings
    47 | D:5      | Reached skill level 1 in Necromancy
    47 | D:5      | Reached skill level 1 in Translocations
    47 | D:5      | Reached skill level 1 in Fire Magic
    47 | D:5      | Reached skill level 1 in Ice Magic
    47 | D:5      | Reached skill level 1 in Air Magic
    47 | D:5      | Reached skill level 1 in Earth Magic
    47 | D:5      | Reached skill level 1 in Alchemy
    47 | D:5      | Reached skill level 1 in Invocations
    47 | D:5      | Reached skill level 1 in Evocations
    47 | D:5      | Reached skill level 1 in Shapeshifting
    47 | D:5      | Reached XP level 2. HP: 29/29 MP: 1/3
    47 | D:5      | Reached XP level 3. HP: 35/35 MP: 1/4
    47 | D:5      | Reached XP level 4. HP: 41/41 MP: 1/5
    77 | D:5      | Noticed a black bear
   100 | D:5      | HP: 2/41 [iguana (3)]
   106 | D:5      | Slain by an iguana

Illustrated notes

Levels and vault maps discovered:
D:5:      layout_loops_ring, overflow_temple_1_default, uniq_sigmund,
          uniq_grinder

Skill      XL: |  1 |
---------------+----+-----
Stealth        | |  9.6
Long Blades    | 1 |  1.2
Axes           | 1 |  1.2
Maces & Flails | 1 |  1.2
Polearms       | 1 |  1.2
Staves         | 1 |  1.2
Ranged Weapons | 1 |  1.2
Throwing       | 1 |  1.2
Armour         | 1 |  1.2
Shields        | 1 |  1.2
Unarmed Combat | 1 |  1.2
Spellcasting   | 1 |  1.2
Conjurations   | 1 |  1.0
Hexes          | 1 |  1.0
Summonings     | 1 |  1.0
Necromancy     | 1 |  1.0
Translocations | 1 |  1.0
Fire Magic     | 1 |  1.0
Ice Magic      | 1 |  1.0
Air Magic      | 1 |  1.0
Earth Magic    | 1 |  1.0
Alchemy        | 1 |  1.0
Invocations    | 1 |  1.3
Evocations     | 1 |  1.2
Shapeshifting  | 1 |  1.1
Fighting       | |  6.6
Short Blades   | |  4.7
Dodging        | |  4.7

Action                     |  1- 3 |  4- 6 || total
---------------------------+-------+-------++-------
  Melee: Short sword       |     1 |    21 ||    22
         Bite              |       |     2 ||     2
    Use: Potion            |       |     1 ||     1
   Stab: Sleeping          |     1 |     1 ||     2
 Armour: Leather armour    |       |    13 ||    13
  Dodge: Dodged            |       |    10 ||    10
